 Dungeon Sprint DCSS version 0.18.1-50-g88ac8fd (webtiles) character file.

966 Kagutsuchi the Fighter (level 7, -2/74 HPs)
             Began as a Purple Draconian Berserker on Oct 21, 2016.
             Was a Believer of Jiyva.
             Slain by a polar bear (14 damage)
             ... in the Dungeon (Sprint II: "The Violet Keep of Menkaure").
             The game lasted 00:05:38 (296 turns).

Kagutsuchi the Fighter (Purple Draconian Berserker)  Turns: 296, Time: 00:05:38

Health: -2/74      AC:  6    Str: 19    XL:     7   Next: 93%
Magic:  7/7        EV: 17    Int:  7    God:    Jiyva [**....]
Gold:   229        SH:  0    Dex: 13    Spells: 0 memorised, 6 levels left

rFire  . . .     SeeInvis .     a - +0 falchion
rCold  . . .     Gourm    .     (armour unavailable)
rNeg   . . .     Faith    .     (no shield)
rPois  .         Spirit   .     (helmet restricted)
rElec  .         Dismiss  .     (no cloak)
rCorr  .         Reflect  .     (no gloves)
SustAt .         Harm     .     (no boots)
MR     +....     Rnd*Rage +     (no amulet)
Stlth  +......... NoTele   +    (no ring)
                                (no ring)

@: short of breath, somewhat resistant to hostile enchantments, very unstealthy
A: breathe power, unfitting armour, beak, berserk 1, slow regeneration 1,
cold-blooded, subdued magic 1, AC +6
a: Breathe Dispelling Energy, Request Jelly, Jelly Paralyse, Renounce Religion


You were in the Dungeon.
You worshipped Jiyva.
Jiyva was pleased with you.
You were very hungry.

You visited 1 branch You collected 729 gold pieces.
You spent 500 gold pieces at shops.

Inventory:

Hand Weapons
 a - a +0 falchion (weapon)
Scrolls
 h - a scroll of blinking
Potions
 c - 6 potions of curing
 d - a potion of heal wounds
 e - a potion of haste
 f - 2 potions of magic
 g - a potion of berserk rage
 j - a potion of degeneration
Comestibles
 b - a bread ration


   Skills:
 + Level 11.4 Fighting
 + Level 10.4 Long Blades
 + Level 9.6 Dodging


You had 6 spell levels left.
You didn't know any spells.

Dungeon Overview and Level Annotations

Branches:
Dungeon (1/1)

Altars:
Cheibriados
Dithmenos
Elyvilon
Fedhas
Gozag
Kikubaaqudgha
Makhleb
Nemelex Xobeh
Okawaru
Pakellas
Qazlal
Ru
Sif Muna
Trog
Vehumet
Xom
Yredelemnul
Zin
The Shining One
Beogh
Jiyva
Lugonu

Shops:
D ::!}:([%(===}?![

Annotations:
D exclusions: oklob plant and orange crystal statue, Roxanne


Innate Abilities, Weirdness & Mutations

You can breathe bolts of dispelling energy.
Your rich purple scales are hard (AC +6).
Your body does not fit into most forms of armour.
You are cold-blooded and may be slowed by cold attacks.
You have a beak for a mouth.
You tend to lose your temper in combat.
You regenerate slowly when monsters are visible.
Your spells are a little easier to cast, but a little less powerful.


Message History

You hit the polar bear.
The polar bear is moderately wounded.
The polar bear barely misses you.
The polar bear claws you but does no damage.
The polar bear completely misses you. The polar bear bites you.
The polar bear closely misses you. x2
Unknown command.
You hit the polar bear but do no damage.
You tail-slap the polar bear, but do no damage.
The polar bear is moderately wounded.
The yaktaur hits you!
* * * LOW HITPOINT WARNING * * *
The polar bear bites you!
* * * LOW HITPOINT WARNING * * *
The polar bear barely misses you. The polar bear claws you.
* * * LOW HITPOINT WARNING * * *
You slash the polar bear!
Your tail-slap misses the polar bear.
The polar bear is heavily wounded.
The polar bear bites you!
You die...

+###.##......≈≈≈≈≈≈≈≈≈≈≈≈
###§≈.§...≈#'########+
#≈≈≈≈≈≈§§.≈#_._....J#§
##≈≈§≈≈§§≈.≈#._._....#§
+##≈≈≈≈≈≈≈§§≈≈#_._._...#≈
≈≈≈≈≈≈≈≈§≈§§≈≈#._._._..#§
#+++#≈§≈§≈§≈≈h#_._._._.#§
≈≈§ ##§§§###≈≈#hhc_._..#§
§§§§§##≈≈# #≈y#.@_._._.#≈
8§§§≈§+≈≈# #≈≈#..._._..#§
≈§§§§##≈§§≈§≈§##########≈
§§§§## #######≈≈≈≈≈≈≈≈≈≈
+#### §§§S###≈########≈
§§§§S##≈# ≈≈§§§S+≈#
≈§§≈### ≈≈§#


You could see 3 polar bears, a yaktaur, a wasp, 3 lava snakes and a neutral
jelly (fellow slime).

Vanquished Creatures
  A siren (D)
  4 neqoxecs (D)
  Menkaure (D)
  3 worms (D)
9 creatures vanquished.

Vanquished Creatures (others)
  A crocodile (D)
  A jelly (D)
2 creatures vanquished.

Grand Total: 11 creatures vanquished

Notes
Turn   | Place    | Note
--------------------------------------------------------------
     0 | D        | Kagutsuchi the Draconian Berserker began the quest for the Orb.
     0 | D        | Reached XP level 1. HP: 19/19 MP: 1/1
     1 | D        | Noticed a siren
     7 | D        | Killed a siren
     7 | D        | Reached skill level 9 in Fighting
     7 | D        | Reached XP level 2. HP: 20/37 MP: 2/2
     7 | D        | Reached XP level 3. HP: 23/42 MP: 3/3
     7 | D        | Reached XP level 4. HP: 27/50 MP: 4/4
     7 | D        | Reached XP level 5. HP: 31/57 MP: 5/5
     7 | D        | Reached XP level 6. HP: 35/63 MP: 6/6
    58 | D        | Noticed a neqoxec
    58 | D        | Noticed a neqoxec
    58 | D        | Noticed a neqoxec
    58 | D        | Noticed a neqoxec
    60 | D        | Gained mutation: Your spells are a little easier to cast, but a little less powerful. [a neqoxec]
    65 | D        | Killed a neqoxec
    65 | D        | Reached ** piety under Trog
    69 | D        | Killed a neqoxec
    69 | D        | Reached skill level 10 in Fighting
    69 | D        | Your scales start taking on a rich purple colour.
    69 | D        | Reached XP level 7. HP: 58/73 MP: 7/7
    73 | D        | Gained mutation: You tend to lose your temper in combat. [a neqoxec]
    77 | D        | Gained mutation: You regenerate slowly when monsters are visible. [a neqoxec]
    79 | D        | Killed a neqoxec
    92 | D        | Killed a neqoxec
    92 | D        | Reached *** piety under Trog
    92 | D        | Reached skill level 11 in Fighting
    92 | D        | Reached skill level 10 in Long Blades
   110 | D        | Noticed an orange crystal statue
   159 | D        | Found Goidood's Antique Armour Shop.
   159 | D        | Found Funela's Gadget Boutique.
   159 | D        | Found Tegiam's Distillery.
   159 | D        | Found Qonaun's Jewellery Shop.
   160 | D        | Found Barei's Jewellery Shop.
   160 | D        | Found Ytzar's Jewellery Boutique.
   160 | D        | Found Hoysch's Weapon Shop.
   160 | D        | Found Yvuof's Food Boutique.
   161 | D        | Found Pecieh's Antique Weapon Boutique.
   161 | D        | Found Kuplug's Book Shop.
   161 | D        | Noticed a polar bear
   162 | D        | Found Gajualoe's Magic Scroll Shop.
   162 | D        | Found Locol's Antique Armour Boutique.
   162 | D        | Noticed a polar bear
   163 | D        | Found Pekytaj's Gadget Boutique.
   163 | D        | Found Keefrefek's Distillery.
   163 | D        | Noticed Menkaure
   163 | D        | Noticed an oklob plant
   164 | D        | Noticed a great orb of eyes
   164 | D        | Found Tacenak's Book Shoppe.
   164 | D        | Found Gontoihy's Book Boutique.
   172 | D        | Bought a potion of curing for 36 gold pieces
   172 | D        | Bought 2 potions of heal wounds for 120 gold pieces
   172 | D        | Bought a potion of mutation for 30 gold pieces
   172 | D        | Bought a potion of curing for 36 gold pieces
   172 | D        | Bought a potion of degeneration for 12 gold pieces
   178 | D        | Bought a potion of curing for 42 gold pieces
   178 | D        | Bought 2 potions of heal wounds for 140 gold pieces
   178 | D        | Bought a potion of curing for 42 gold pieces
   178 | D        | Bought a potion of curing for 42 gold pieces
   193 | D        | Killed Menkaure
   193 | D        | Reached **** piety under Trog
   197 | D        | Gained mutation: You have a beak for a mouth. [potion of mutation]
   205 | D        | Fell from the grace of Trog
   228 | D        | Noticed Roxanne
   239 | D        | Found an opulent altar of Gozag.
   239 | D        | Found a sparkling altar of Nemelex Xobeh.
   239 | D        | Found a deep blue altar of Sif Muna.
   240 | D        | Found a blossoming altar of Fedhas.
   240 | D        | Found a glowing silver altar of Zin.
   240 | D        | Found a shimmering altar of Xom.
   241 | D        | Found a viscous altar of Jiyva.
   241 | D        | Found a white marble altar of Elyvilon.
   241 | D        | Found a radiant altar of Vehumet.
   241 | D        | Found a bloodstained altar of Trog.
   242 | D        | Found an iron altar of Okawaru.
   242 | D        | Found an ancient bone altar of Kikubaaqudgha.
   242 | D        | Found a shadowy altar of Dithmenos.
   242 | D        | Found a corrupted altar of Lugonu.
   243 | D        | Found a glowing golden altar of the Shining One.
   243 | D        | Found a basalt altar of Yredelemnul.
   243 | D        | Found an oddly glowing altar of Pakellas.
   244 | D        | Found a snail-covered altar of Cheibriados.
   244 | D        | Found a stormy altar of Qazlal.
   244 | D        | Found a roughly hewn altar of Beogh.
   248 | D        | Found a sacrificial altar of Ru.
   251 | D        | Found a burning altar of Makhleb.
   264 | D        | Became a worshipper of Jiyva Jeimion the Shapeless
   270 | D        | Noticed a polar bear
   271 | D        | Noticed a polar bear
   271 | D        | Noticed a yaktaur
   272 | D        | Noticed a polar bear
   291 | D        | Reached * piety under Jiyva
   292 | D        | Reached ** piety under Jiyva
   296 | D        | Slain by a polar bear

Skill      XL: |  1  2  3  4  5  6  7 |
---------------+----------------------+-----
Fighting       | 9 10 11 | 11.4
Long Blades    | 8 9 10 | 10.4
Dodging        | 7 8 9 |  9.6

Action                   |  1- 3 |  4- 6 |  7- 9 || total
-------------------------+-------+-------+-------++-------
Melee: Falchion          |     4 |    10 |    53 ||    67
       Tailslap          |     2 |     2 |    10 ||    14
       Peck              |       |       |     1 ||     1
Invok: Berserk           |     1 |     1 |       ||     2
       Renounce Religion |       |       |     1 ||     1
 Abil: Breathe Dispellin |       |       |     1 ||     1
  Use: Potion            |       |       |     5 ||     5
Armor: Skin              |       |     1 |    14 ||    15
Dodge: Dodged            |     2 |       |    63 ||    65
